 Dungeon Crawl Stone Soup version 0.19.0-2-gae57169 (webtiles) character file.

1040 spe3d0 the Shield-Bearer (level 8, -1/39 HPs)
             Began as a Vine Stalker Fighter on Nov 6, 2016.
             Was an Initiate of Qazlal.
             Slain by an ice beast (5 damage)
             ... on level 5 of the Dungeon.
             The game lasted 00:05:11 (3819 turns).

spe3d0 the Shield-Bearer (Vine Stalker Fighter)     Turns: 3819, Time: 00:05:12

Health: -1/39      AC:  7    Str: 20    XL:     8   Next: 24%
Magic:  0/9        EV:  7    Int: 10    God:    Qazlal [......]
Gold:   294        SH: 12    Dex: 15    Spells: 0 memorised, 7 levels left

rFire  . . .     SeeInvis .     a - +0 rapier
rCold  . . .     Gourm    .     b - +0 scale mail
rNeg   . . .     Faith    .     c - +0 shield
rPois  .         Spirit   +     (no helmet)
rElec  .         Reflect  +     (no cloak)
rCorr  .         Harm     .     (no gloves)
MR     +....                    (no boots)
Stlth  ..........               u - +2 amulet of reflection
                                L - ring of flight
                                I - +2 ring of intelligence

@: no status effects
A: fangs 3, regeneration 1, magic shield, antimagic bite, no device heal 3, rot
immunity
a: Renounce Religion, Evoke Flight


You were on level 5 of the Dungeon.
You worshipped Qazlal.
Qazlal was noncommittal.
You were not hungry.

You visited 2 branches of the dungeon, and saw 6 of its levels.

You collected 294 gold pieces.


Innate Abilities, Weirdness & Mutations

You have razor-sharp teeth.
Your natural rate of healing is unusually fast.
When hurt, damage is shared between your health and your magic reserves.
Your bite disrupts and absorbs the magic of your enemies.
Potions and wands cannot restore your health.
You are immune to rotting.


   Skills:
 - Level 2.6 Fighting
 * Level 5.2 Short Blades
 * Level 5.1 Armour
 * Level 5.5 Shields


You had 7 spell levels left.
You didn't know any spells.

Inventory:

Hand Weapons
 a - a +0 rapier (weapon)
Armour
 b - a +0 scale mail (worn)
 c - a +0 shield (worn)
Jewellery
 u - a +2 amulet of reflection (around neck)
 I - a +2 ring of intelligence (left hand)
 L - a ring of flight (right hand)
Wands
 C - a wand of disintegration (14/24)
 D - a wand of enslavement (7/24)
 G - a wand of iceblast (10/15)
Scrolls
 d - a scroll of noise {unknown}
 e - a scroll of magic mapping {unknown}
 j - 3 scrolls of remove curse {unknown}
 k - a scroll of fear {unknown}
 l - 12 scrolls of identify {unknown}
 m - 2 scrolls of enchant armour {unknown}
 n - 5 scrolls of recharging {unknown}
 t - 4 scrolls of random uselessness {unknown}
 y - 2 scrolls of teleportation {unknown}
 E - a scroll of enchant weapon {unknown}
Potions
 h - a potion of haste {unknown}
 o - a potion of degeneration {unknown}
 p - a potion of might
 r - 3 potions of heal wounds {unknown}
 s - a potion of agility {unknown}
 v - a potion of cancellation {unknown}
 z - a potion of mutation {unknown}
 A - a potion of curing {unknown}
 B - a potion of flight {unknown}
 F - a potion of resistance {unknown}
Comestibles
 f - 3 bread rations {@e1}
 g - a beef jerky {@e2}
 i - 3 meat rations {@e1}
 q - 2 fruits {@e2}

Dungeon Overview and Level Annotations

Branches:
Dungeon (5/15)             Temple (1/1) D:5

Altars:
Ashenzari
Cheibriados
Dithmenos
Elyvilon
Fedhas
Gozag
Hepliaklqana
Kikubaaqudgha
Makhleb
Nemelex Xobeh
Okawaru
Qazlal
Ru
Sif Muna
Trog
Uskayaw
Vehumet
Xom
Yredelemnul
Zin
The Shining One

[..# #.# # ###.######### ...#
#.# # .# #(......... ..## #.#
####..###.#######.. .## #.#
..##......# #.. .# #.#
#.##..###.#######.. .# #.#
#.##...........)... .# #.#
#.#...........###.. .###
#.######..........##.# #..
...#####.#...(..@Y..###..##.#
#.. ##....##....#####.###
#..##.###..
#..#.##....).....#
#..........
##....#.....#####.#
###p#..###.# ...#.##....##
#.# #........(.. ####.##...##
#.# #...........
#.###.########.# #p....####.#
#.# #..........# #.###.# #.#
#.# #.########.# ##.###.# #..


You could see an ice beast.


Message History

The ice beast is severely wounded.
The ice beast hits you.
* * * LOW HITPOINT WARNING * * *
The ice beast freezes you!
* * * LOW HITPOINT WARNING * * *
You are too injured to fight recklessly!
You are too injured to fight recklessly!
You are too injured to fight recklessly!
You are too injured to fight recklessly!
You are too injured to fight recklessly!
You are too injured to fight recklessly!
You are too injured to fight recklessly!
You are too injured to fight recklessly!
You are too injured to fight recklessly!
You are too injured to fight recklessly!
You are too injured to fight recklessly!
You are too injured to fight recklessly!
You are too injured to fight recklessly!
You are too injured to fight recklessly!
You are too injured to fight recklessly!
You are too injured to fight recklessly!
You are too injured to fight recklessly!
You are too injured to fight recklessly!
You are too injured to fight recklessly!
You hit the ice beast but do no damage. Your bite misses the ice beast.
The ice beast is severely wounded.
The ice beast hits you.
* * * LOW HITPOINT WARNING * * *
The ice beast freezes you.
You die...

Skill      XL: |  1  2  3  4  5  6  7 |
---------------+----------------------+-----
Short Blades   | 2 3 4 5 |  5.2
Shields        | 3 4 5 |  5.5
Armour         | 3 4 5 |  5.1
Fighting       | |  2.6

Action                   |  1- 3 |  4- 6 |  7- 9 || total
-------------------------+-------+-------+-------++-------
Melee: Rapier            |   102 |   164 |    63 ||   329
       Bite              |    22 |    48 |    23 ||    93
  Use: Potion            |     1 |       |     1 ||     2
  Eat: Chunk             |     1 |     6 |     3 ||    10
Armor: Scale mail        |    34 |    57 |    15 ||   106
Dodge: Dodged            |    30 |    42 |     5 ||    77
Block: Shield            |    48 |    89 |    24 ||   161

Vault maps used:
D:1:      scummos_arrival_hexagon
D:2:      st_stairs_11, grunt_ministairs_9, uniq_sigmund
D:3:      first_bread, kennysheep_generic_room_5, uniq_jessica
D:4:      lemuel_upstairs_altar, okawaru_metal_pillars_1_2
D:5:      uniq_pikel
Temple:   kilobyte_greek_temple

Notes
Turn   | Place    | Note
-------+----------+-------------------------------------------
     0 | D:1      | spe3d0 the Vine Stalker Fighter began the quest for the Orb.
     0 | D:1      | Reached XP level 1. HP: 11/11 MP: 2/2
   258 | D:1      | Reached skill level 2 in Short Blades
   258 | D:1      | Reached XP level 2. HP: 15/16 MP: 1/3
   439 | D:1      | Reached skill level 3 in Shields
   903 | D:2      | Reached XP level 3. HP: 19/19 MP: 4/4
  1066 | D:2      | Noticed Sigmund
  1078 | D:2      | Killed Sigmund
  1078 | D:2      | Reached skill level 3 in Short Blades
  1078 | D:2      | Reached skill level 3 in Armour
  1078 | D:2      | Reached skill level 4 in Shields
  1078 | D:2      | Gained mutation: Your natural rate of healing is unusually fast. [Vine Stalker growth]
  1078 | D:2      | Reached XP level 4. HP: 5/23 MP: 5/5
  1078 | D:2      | Reached XP level 5. HP: 6/27 MP: 6/6
  1388 | D:2      | Reached XP level 6. HP: 28/32 MP: 5/7
  1923 | D:3      | Noticed Jessica
  1930 | D:3      | Killed Jessica
  2186 | D:3      | Reached skill level 4 in Armour
  2407 | D:3      | You fall through a shaft!
  2755 | D:4      | Found an iron altar of Okawaru.
  2756 | D:4      | Reached skill level 4 in Short Blades
  2977 | D:4      | Reached XP level 7. HP: 32/35 MP: 8/8
  3146 | D:5      | Entered Level 5 of the Dungeon
  3233 | D:5      | Noticed Pikel
  3259 | D:5      | Killed Pikel
  3259 | D:5      | Reached skill level 5 in Short Blades
  3259 | D:5      | Reached skill level 5 in Armour
  3259 | D:5      | Reached skill level 5 in Shields
  3259 | D:5      | Gained mutation: You have razor-sharp teeth. [Vine Stalker growth]
  3259 | D:5      | Reached XP level 8. HP: 17/39 MP: 9/9
  3443 | D:5      | Found a staircase to the Ecumenical Temple.
  3471 | Temple   | Entered the Ecumenical Temple
  3570 | Temple   | Became a worshipper of Qazlal Stormbringer
  3819 | D:5      | Slain by an ice beast

Vanquished Creatures
  Pikel (D:5)
  Sigmund (D:2)
  A slave (D:5)
  A scorpion (D:5)
  A hound (D:4)
  An orc wizard (D:4)
  An iguana (D:5)
  Jessica (D:3)
  3 worker ants
  6 adders
  4 gnolls (D:3)
  A shadow imp (D:5)
  An ooze (D:3)
  A worm (D:2)
  3 dart slugs
  2 leopard geckos
  5 orcs
  8 bats
  4 giant cockroaches
  10 hobgoblins
  2 jackals (D:5)
  3 quokkas
  A ball python (D:2)
  4 frilled lizards
  8 goblins
  9 kobolds
  6 rats
89 creatures vanquished.

Vanquished Creatures (others)
  2 slaves (D:5)
  2 hound skeletons (D:5)
4 creatures vanquished.

Grand Total: 93 creatures vanquished
